 Dungeon Crawl Stone Soup version 0.26.1-16-g4e020e15dc (webtiles) character file.

Game seed: 12833741566798809507

60 Froggeryz the Cudgeller (level 3, -1/29 HPs)
             Began as a Demigod Gladiator on Mar 10, 2024.
             Slain by a gnoll (3 damage)
             ... on level 2 of the Dungeon.
             The game lasted 00:01:13 (2235 turns).

Froggeryz the Cudgeller (Demigod Gladiator)         Turns: 2235, Time: 00:01:13

Health: -1/29      AC:  4    Str: 19    XL:     3   Next: 57%
Magic:  5/5        EV: 13    Int: 12    God:
Gold:   80         SH:  0    Dex: 17    Spells: 2/2 levels left

rFire    . . .     SeeInvis .   a - +0 flail
rCold    . . .     Faith    .   (no shield)
rNeg     . . .     Spirit   .   b - +0 leather armour
rPois    .         Reflect  .   c - +0 helmet
rElec    .         Harm     .   (no cloak)
rCorr    .         Rampage  .   (no gloves)
Will     .....                  (no boots)
Stlth    +.........             (no amulet)
HPRegen  0.09/turn              (no ring)
MPRegen  0.09/turn              (no ring)

@: no status effects
A: high mp 1
a: no special abilities


You were on level 2 of the Dungeon.
You visited 1 branch of the dungeon, and saw 2 of its levels.

You collected 80 gold pieces.

Inventory:

Hand Weapons
 a - a +0 flail (weapon)
Missiles
 d - 4 throwing nets
 j - 12 poisoned darts (quivered)
 k - 3 boomerangs
Armour
 b - a +0 leather armour (worn)
 c - a +0 helmet (worn)
Scrolls
 f - 2 scrolls of enchant armour {unknown}
 h - a scroll of remove curse {unknown}
 m - a scroll of enchant weapon {unknown}
 o - a scroll of teleportation {unknown}
 p - a scroll of random uselessness {unknown}
 q - 3 scrolls of identify {unknown}
 r - 2 scrolls of noise {unknown}
 s - a scroll of blinking {unknown}
Potions
 e - a potion of curing {unknown}
 g - 2 potions of might {unknown}
 i - a potion of heal wounds {unknown}
 l - a potion of brilliance {unknown}
 n - 2 potions of invisibility {unknown}
 t - a potion of magic {unknown}


   Skills:
 - Level 1.7 Fighting
 * Level 3.9 Maces & Flails
 - Level 1.7 Throwing
 + Level 1.6 Armour
 - Level 2.6 Dodging


You had 2 spell levels left.
You didn't know any spells.
Your spell library was empty.

Dungeon Overview and Level Annotations

Branches:
Dungeon (2/15)


Innate Abilities, Weirdness & Mutations

You have an increased reservoir of magic. (+10% MP)


Message History

You are too injured to fight recklessly!
You are too injured to fight recklessly!
You are too injured to fight recklessly!
You are too injured to fight recklessly!
You are too injured to fight recklessly!
You are too injured to fight recklessly!
You are too injured to fight recklessly!
You are too injured to fight recklessly!
You are too injured to fight recklessly!
You are too injured to fight recklessly!
You are too injured to fight recklessly!
You barely miss the gnoll.
The gnoll is severely wounded.
The gnoll closely misses you. The gnoll hits you with a +0 spear.
* * * LOW HITPOINT WARNING * * *
The gnoll hits you but does no damage.
You hit the gnoll.
The gnoll is almost dead.
The gnoll closely misses you. The gnoll hits you.
You die...

#....# ##.....## #.###
#.#### ##...## #.### #.
##'## #.... #. #.#
##### #. #.# ######
##.##### ##.## #.....
.......####...####.####
#g............#
#@####...###### #g#
##.## .g# #.# ##.# #.#
#.# #.# ..# #.# ### #)#
#.# ### #.#


You could see 2 gnolls and a hobgoblin.

Vanquished Creatures
  An adder (D:2)
  An ooze (D:1)
  2 worms (D:2)
  2 dart slugs (D:1)
  A leopard gecko (D:2)
  2 bats
  2 giant cockroaches (D:1)
  6 goblins
  5 hobgoblins
  A quokka (D:2)
  3 frilled lizards
  4 kobolds
  6 rats
36 creatures vanquished.

Notes
Turn   | Place    | Note
-------+----------+-------------------------------------------
     0 | D:1      | Froggeryz the Demigod Gladiator began the quest for the
                  | Orb.
     0 | D:1      | Reached XP level 1. HP: 17/17 MP: 3/3
    99 | D:1      | Reached skill level 3 in Maces & Flails
   321 | D:1      | Reached XP level 2. HP: 23/24 MP: 4/4
   448 | D:1      | Reached skill level 1 in Armour
  1075 | D:2      | Reached XP level 3. HP: 29/29 MP: 5/5
  2235 | D:2      | Slain by a gnoll

Illustrated notes

Levels and vault maps discovered:
D:1:      dpeg_chamrin_arrival_tetris, layout_loops_ring
D:2:      layout_loops_corners

Skill      XL: |  1  2 |
---------------+-------+-----
Maces & Flails | 3 |  3.9
Armour         | 1 |  1.6
Fighting       | |  1.7
Throwing       | |  1.7
Dodging        | |  2.6

Action                   || total
-------------------------++-------
Melee: Flail             ||   128
Throw: Dart              ||     3
 Stab: Sleeping          ||     1
Armor: Leather armour    ||    36
Dodge: Dodged            ||    95
